 Dungeon Crawl Stone Soup version 0.32-a0-996-gb3226c233f (webtiles) character file.

Game seed: 14496657334883448750

32 ncactus the Shooter (level 3, 0/27 HPs)
             Began as a Human Hunter on Apr 23, 2024.
             Succumbed to an adder's poison
             ... on level 2 of the Dungeon.
             The game lasted 00:03:24 (512 turns).

ncactus the Shooter (Human Hunter)                   Turns: 512, Time: 00:03:24

Health: 0/27       AC:  3    Str: 11    XL:     3   Next: 27%
Magic:  3/3        EV: 11    Int:  9    God:
Gold:   67         SH:  0    Dex: 18    Spells: 2/2 levels left

rFire   . . .        a - +0 shortbow
rCold   . . .        (shield currently unavailable)
rNeg    . . .        c - +0 leather armour
rPois   .            (no helmet)
rElec   .            (no cloak)
rCorr   .            (no gloves)
SInv    .            (no boots)
Will    +....        (no amulet)
Stlth   ++           (no ring)
HPRegen 0.24/turn    (no ring)
MPRegen 0.08/turn

%: no passive effects
@: lethally poisoned (0 -> -1), attractive, enlightened, flying
A: explore regen
a: no special abilities


You were on level 2 of the Dungeon.
You visited 1 branch of the dungeon, and saw 2 of its levels.

You collected 67 gold pieces.

Inventory:

Hand Weapons
 a - a +0 shortbow (weapon)
Armour
 c - a +0 leather armour (worn)
Scrolls
 d - a scroll of teleportation {unknown}
 e - a scroll of noise {unknown}
 h - a scroll of fear {unknown}


   Skills:
 - Level 2.0 Fighting
 + Level 5.0 Ranged Weapons
 - Level 2.0 Dodging
 - Level 1.0 Stealth


You had 2 spell levels left.
You didn't know any spells.
Your spell library contained the following spells:

 Spells                   Type           Power      Damage    Failure   Level
 Shock                    Conj/Air       0%         1d3       47%         1
 Call Imp                 Summ           0%         N/A       63%         2
 Sublimation of Blood     Necr           0%         N/A       63%         2
 Swiftness                Air            0%         N/A       85%         3
 Airstrike                Air            0%         2d(0-16)  99%         4
 Summon Hydra             Summ           0%         N/A       100%        7


Dungeon Overview and Level Annotations

Branches:
Dungeon (2/15)

Altars:


Innate Abilities, Weirdness & Mutations

You regain HP and MP as you explore.


Message History

The adder completely misses your butterfly.
Things that are here:
a hobgoblin corpse; an adder corpse Unknown command.
You swap places.
* * * LOW HITPOINT WARNING * * *
You feel sick.
The adder closely misses your butterfly.
The adder barely misses your butterfly.
The adder closely misses your butterfly.
It was a potion of magic.
Magic courses through your body.
* * * LOW HITPOINT WARNING * * *
You feel sick. The adder misses your butterfly. x2
The adder closely misses your butterfly.
It was a potion of enlightenment.
You feel very buoyant.
You fly up into the air.
* * * LOW HITPOINT WARNING * * *
You feel sick. The adder bites your butterfly.
Your butterfly dies!
Your butterfly disappears in a burst of colours!
The adder completely misses your butterfly.
It was a potion of attraction.
You feel attractive to monsters.
* * * LOW HITPOINT WARNING * * *
You feel sick.
The adder closely misses your butterfly.
The adder misses your butterfly. The adder is attracted toward you.
You swap places.
* * * LOW HITPOINT WARNING * * *
You feel sick.
Something completely misses your butterfly.
You swap places.
* * * LOW HITPOINT WARNING * * *
You feel sick.
Something completely misses your butterfly.
* * * LOW HITPOINT WARNING * * *
You feel sick.
Something closely misses your butterfly.
You die...

#.......#
#...)...#
#.......#
###.##..#
#..# #....
#### #.##
.##.
...###.# #
#..##.#
#@##b#
#.##.#
#.bbb####.##
###bbbb.....
###b####..#
####S†b#
#§Sbb###
#bb### ...b.


There were no monsters in sight!

Vanquished Creatures
  An adder (D:2)
  A bat (D:1)
  An endoplasm (D:1)
  A giant cockroach (D:1)
  A goblin (D:1)
  3 hobgoblins
  5 kobolds
  3 quokkas
  3 ball pythons (D:1)
  2 frilled lizards (D:1)
  A rat (D:2)
22 creatures vanquished.

Notes
Turn   | Place    | Note
-------+----------+-------------------------------------------
     0 | D:1      | ncactus the Human Hunter began the quest for the Orb.
     0 | D:1      | Reached XP level 1. HP: 16/16 MP: 1/1
   126 | D:1      | Reached XP level 2. HP: 22/22 MP: 2/2
   489 | D:2      | Reached skill level 5 in Ranged Weapons
   489 | D:2      | Reached XP level 3. HP: 25/27 MP: 3/3
   510 | D:2      | HP: 1/27 [poisoned by an adder]
   512 | D:2      | Succumbed to an adder's poison

Illustrated notes

Levels and vault maps discovered:
D:1:      kilobyte_arrival_exit_the_forest, layout_loops_ring,
          minmay_heptomino_d4
D:2:      layout_rooms, st_stairs_5, uniq_robin

Skill      XL: |  1  2 |
---------------+-------+-----
Ranged Weapons | 5 |  5.0
Fighting       | |  2.0
Dodging        | |  2.0
Stealth        | |  1.0

Action                     || total
---------------------------++-------
   Fire: Shortbow          ||    80
    Use: Potion            ||     3
         Scroll            ||     1
 Armour: Leather armour    ||    26
  Dodge: Dodged            ||    39

Table legend: (Time is in decaauts)
 A = Elapsed time spent in this place.
 B = Non-inter-level travel time spent in this place.
 C = Inter-level travel time spent in this place.
 D = Time resting spent in this place.
 E = Time spent auto-exploring this place.
 F = Levels seen in this place.
 G = Mean time per level.
                   A        B        C        D        E       F      G
               +--------+--------+--------+--------+--------+-----+--------+
         Total |    531 |    474 |     57 |      0 |      0 |   2 |  265.5 |
       Dungeon |    531 |    474 |     57 |      0 |      0 |   2 |  265.5 |
               +--------+--------+--------+--------+--------+-----+--------+

Top non-repeatable levels by time:
     D:1: 463 daAuts
     D:2: 67 daAuts
